 Dungeon Crawl Stone Soup version 0.27-a0-1416-g941b2bd30b (webtiles) character file.

Game seed: 15755659187562122561

192 pyrow613 the Slasher (level 5, -7/42 HPs)
             Began as a Demigod Gladiator on July 1, 2021.
             Mangled by Sigmund (10 damage)
             ... on level 3 of the Dungeon.
             The game lasted 00:04:46 (3367 turns).

pyrow613 the Slasher (Demigod Gladiator)            Turns: 3367, Time: 00:04:47

Health: -7/42      AC:  6    Str: 19    XL:     5   Next: 19%
Magic:  7/7        EV: 12    Int: 10    God:
Gold:   111        SH:  0    Dex: 15    Spells: 4/4 levels left

rFire    . . .     SeeInvis .   a - +0 long sword
rCold    . . .     Faith    .   (no shield)
rNeg     . . .     Spirit   .   m - +0 ring mail
rPois    .         Reflect  .   c - +0 helmet
rElec    .         Harm     .   (no cloak)
rCorr    .         Rampage  .   (no gloves)
Will     .....                  (no boots)
Stlth    ..........             (no amulet)
HPRegen  0.14/turn              (no ring)
MPRegen  0.10/turn              (no ring)

@: confused
A: high mp 1, forlorn
a: no special abilities


You were on level 3 of the Dungeon.
You visited 1 branch of the dungeon, and saw 3 of its levels.

You collected 111 gold pieces.

Inventory:

Hand Weapons
 a - a +0 long sword (weapon)
Missiles
 h - 2 boomerangs of dispersal (quivered)
 l - 17 sling bullets
 n - 18 stones
Armour
 c - a +0 helmet (worn)
 m - a +0 ring mail (worn)
Wands
 k - a wand of polymorph (12)
Scrolls
 b - a scroll of holy word {unknown}
 e - 2 scrolls of identify {unknown}
 f - a scroll of teleportation {unknown}
 g - a scroll of amnesia {unknown}
 i - a scroll of brand weapon {unknown}
Potions
 j - a potion of berserk rage {unknown}


   Skills:
 + Level 2.4 Fighting
 + Level 4.1 Long Blades
 + Level 1.8 Throwing
 + Level 2.0 Armour
 + Level 3.5 Dodging
 + Level 0.2 Stealth


You had 4 spell levels left.
You didn't know any spells.
Your spell library was empty.

Dungeon Overview and Level Annotations

Branches:
Dungeon (3/15)

Shops:
D:1 (   D:2 =

Annotations:
D:3 Sigmund


Innate Abilities, Weirdness & Mutations

Your attributes grow dramatically as you level up.
You have an increased reservoir of magic. (+10% MP)
You shall have no god before yourself.


Message History

Sigmund hits you with a +0 scythe.
You barely miss Sigmund.
Sigmund is heavily wounded.
Sigmund closely misses you.
You hit Sigmund but do no damage.
Sigmund is heavily wounded.
Sigmund gestures at you while chanting. The puff of flame hits you!
You closely miss Sigmund.
Sigmund is heavily wounded.
Sigmund hits you but does no damage. Sigmund hits you with a +0 scythe.
You closely miss Sigmund.
Sigmund is heavily wounded.
Sigmund hits you with a +0 scythe!
You hit Sigmund.
Sigmund is severely wounded.
Sigmund points at you and mumbles some strange words.
You are confused.
You closely miss Sigmund.
Sigmund is severely wounded.
Sigmund casts a spell at you.
You are more confused.
You completely miss Sigmund.
Sigmund is severely wounded.
Sigmund closely misses you.
Sigmund hits you from afar with a +0 scythe.
* * * LOW HITPOINT WARNING * * *
You bump into the rock wall.
Sigmund closely misses you.
You bump into the rock wall.
Sigmund casts a spell at you. You resist with some effort.
You're too confused to move!
Sigmund closely misses you.
You bump into the rock wall.
Sigmund closely misses you. Sigmund hits you with a +0 scythe!
* * * LOW HITPOINT WARNING * * *
Sigmund hits you with a +0 scythe.
* * * LOW HITPOINT WARNING * * *
You bump into the rock wall.
Sigmund barely misses you. Sigmund hits you with a +0 scythe!
You die...

#....
#..)..................
#..#........##.#######
#..#........##.#
#..#...........#
#.#..#...........#
#.#..#.#####.....#
#....#.# #.....#
.##...#.#####.....#
........@.........#
###...#@#########.#
##>.............#
#..............#
#..............#
#.............##
#..##......#### #..
#......######## #!.
#..............


You could see Sigmund.

Vanquished Creatures
  2 orc wizards (D:3)
  Robin (D:2)
  3 adders (D:2)
  3 worms (D:2)
  3 dart slugs
  4 orcs (D:3)
  2 ball pythons (D:1)
  7 bats
  11 endoplasms
  2 giant cockroaches
  9 hobgoblins
  2 jackals
  4 quokkas
  5 frilled lizards
  12 goblins
  4 kobolds
  7 rats
81 creatures vanquished.

Notes
Turn   | Place    | Note
-------+----------+-------------------------------------------
     0 | D:1      | pyrow613 the Demigod Gladiator began the quest for the Orb.
     0 | D:1      | Reached XP level 1. HP: 17/17 MP: 3/3
   127 | D:1      | Reached skill level 3 in Long Blades
   135 | D:1      | Reached XP level 2. HP: 19/24 MP: 4/4
   318 | D:1      | Found Roqo's Antique Weapon Boutique.
   904 | D:1      | Reached XP level 3. HP: 29/29 MP: 5/5
  1038 | D:2      | Found Okihe's Jewellery Emporium.
  1760 | D:2      | Noticed Robin
  1786 | D:2      | Reached XP level 4. HP: 25/36 MP: 6/6
  2244 | D:2      | Killed Robin
  2245 | D:2      | Reached skill level 4 in Long Blades
  2245 | D:2      | Reached skill level 1 in Armour
  3062 | D:3      | Reached XP level 5. HP: 41/41 MP: 7/7
  3322 | D:3      | Noticed Sigmund
  3367 | D:3      | Mangled by Sigmund

Illustrated notes

Levels and vault maps discovered:
D:1:      psy_arrival_whirlpool, layout_loops_ring, serial_shops,
          shop_fountains, chequers_ecumenical_altar_island
D:2:      layout_rooms, serial_shops, nicolae_diamond_shop, uniq_robin
D:3:      layout_basic, hangedman_abyss_or_decor_lesser_grid, uniq_sigmund,
          uniq_grinder

Skill      XL: |  1  2  3  4 |
---------------+-------------+-----
Long Blades    | 3 4 |  4.1
Dodging        | 3 |  3.5
Armour         | 2 |  2.0
Fighting       | 2 |  2.4
Throwing       | |  1.8
Stealth        | |  0.2

Action                   |  1- 3 |  4- 6 || total
-------------------------+-------+-------++-------
Melee: Long sword        |   100 |   105 ||   205
Throw: Throwing net      |       |     3 ||     3
 Stab: Sleeping          |     1 |       ||     1
Armor: Leather armour    |    28 |    18 ||    46
       Ring mail         |       |    18 ||    18
Dodge: Dodged            |    72 |    75 ||   147
       Rpst.: Long sword |    28 |    19 ||    47

Table legend: (Time is in decaauts)
 A = Elapsed time spent in this place.
 B = Non-inter-level travel time spent in this place.
 C = Inter-level travel time spent in this place.
 D = Time resting spent in this place.
 E = Time spent auto-exploring this place.
 F = Levels seen in this place.
 G = Mean time per level.
                   A        B        C        D        E       F      G
               +--------+--------+--------+--------+--------+-----+--------+
         Total |   3417 |   3369 |     48 |   1163 |   1648 |   3 | 1139.0 |
       Dungeon |   3417 |   3369 |     48 |   1163 |   1648 |   3 | 1139.0 |
               +--------+--------+--------+--------+--------+-----+--------+

Top non-repeatable levels by time:
     D:1: 1500 daAuts
     D:2: 1284 daAuts
     D:3: 632 daAuts
